 Dungeon Crawl Stone Soup version 0.13-a0-3016-gcb2faac (webtiles) character file.

207 PolkaDot the Ruinous (level 4, 0/28 HPs)
             Began as a Vampire Wizard on Sept 13, 2013.
             Slain by an iguana (13 damage)
             ... on Level 4 of the Dungeon.
             The game lasted 00:12:25 (3463 turns).

PolkaDot the Ruinous (Vampire Wizard)               Turns: 3463, Time: 00:12:25

HP   0/28        AC  2     Str  6      XL: 4   Next: 46%
MP   2/12        EV 12     Int 21      God:
Gold 107         SH  0     Dex 12      Spells:  1 memorised,  8 levels left

Res.Fire  : . . .   See Invis. : +   m - +0 elf long sword
Res.Cold  : . . .   Warding    : +   a - +0 robe
Life Prot.: + + .   Conserve   : .   (no shield)
Res.Poison: .       Res.Corr.  : .   b - +0 wizard hat
Res.Elec. : .       Clarity    : .   (no cloak)
Sust.Abil.: . .     Spirit.Shd : .   (no gloves)
Res.Mut.  : .       Stasis     : .   (no boots)
Res.Rott. : .       Flight     : .   e - amulet of warding {unknown}
Saprovore : . . .                    (no ring)
                                     (no ring)

@: very slightly contaminated, slightly resistant to hostile enchantments,
stealthy
A: fangs 3, see invisible, unbreathing
a: Bat Form


You were on level 4 of the Dungeon.
You were not thirsty.

You visited 1 branch of the dungeon, and saw 4 of its levels.

You collected 87 gold pieces.

Inventory:

Hand weapons
 m - a +0,+0 elven long sword (weapon)
Armour
 a - a +0 robe (worn)
 b - a +0 wizard hat (worn)
Scrolls
 d - a scroll of amnesia {unknown}
 f - 2 scrolls of remove curse {unknown}
 g - a scroll of enchant armour {unknown}
 h - 4 scrolls of identify {unknown}
 i - a scroll of teleportation {unknown}
 k - a scroll of enchant weapon I {unknown}
 n - 2 scrolls of enchant weapon II {unknown}
 o - a scroll of blinking {unknown}
 s - a scroll of magic mapping {unknown}
Jewellery
 e - an amulet of warding (around neck) {unknown}
Potions
 j - 2 potions of invisibility {unknown}
 l - a potion of heal wounds {unknown}
 p - a potion of flight {unknown}
 q - a potion of paralysis {unknown}
 r - a potion of brilliance {unknown}
 t - a potion of porridge {unknown}
Books
 c - a book of Minor Magic

   Spells                             Type                      Level
   *Magic Dart                        Conjuration                  1
   Blink                              Translocation                2
   Call Imp                           Summoning                    2
   Repel Missiles                     Charms/Air                   2
   Slow                               Hexes                        2
   Conjure Flame                      Conjuration/Fire             3
   Mephitic Cloud                     Conjuration/Poison/Air       3


   Skills:
 - Level 2.1 Dodging
 - Level 3.0 Stealth
 - Level 3.0 Spellcasting
 * Level 3.2 Conjurations
   Level 1.0 Summonings
   Level 0.7 Translocations


You had 8 spell levels left.
You knew the following spells:

 Your Spells              Type           Power        Failure   Level  Hunger
a - Magic Dart            Conj           ###.         3%          1    None


Dungeon Overview and Level Annotations

Branches:
Dungeon (4/27)
 Temple: D:4-7

Altars:


Innate Abilities, Weirdness & Mutations

You have razor-sharp teeth.*
You have supernaturally acute eyesight.
You can survive without breathing.*


Message History

Aim: an iguana (heavily wounded)
The magic dart hits the iguana.
The iguana is severely wounded.
The iguana bites you!
Casting: Magic Dart
Confirm with . or Enter, or press ? or * to list all spells.
Aiming: Magic Dart
Press: ? - help, Shift-Dir - straight line, f/p - iguana
Aim: an iguana (severely wounded)
The magic dart hits the iguana.
The iguana is almost dead.
The iguana closely misses you.
Casting: Magic Dart
Confirm with . or Enter, or press ? or * to list all spells.
Aiming: Magic Dart
Press: ? - help, Shift-Dir - straight line, f/p - iguana
Aim: an iguana (almost dead)
You miscast Magic Dart.
Strange energies run through your body. The iguana bites you!
You die...

... .... ....
#..# #..# #..#
.. #..###...
#........#
######@l.......
#..............
#.%<.....##...
#........# .
######...#
#...# #...#
#...# #...#


You could see an iguana.

Vanquished Creatures
  3 adders
  A giant mite (D:3)
  A giant gecko (D:2)
  An ooze (D:3)
  4 orcs (D:3)
  5 giant cockroaches
  6 hobgoblins
  8 jackals (D:1)
  4 kobolds
  5 bats
  4 giant newts
  7 goblins
  8 rats
57 creatures vanquished.

Notes
Turn   | Place    | Note
--------------------------------------------------------------
     0 | D:1      | PolkaDot, the Vampire Wizard, began the quest for the Orb.
     0 | D:1      | Reached XP level 1. HP: 11/11 MP: 6/6
   341 | D:2      | Reached skill level 1 in Conjurations
   403 | D:2      | Reached XP level 2. HP: 6/17 MP: 2/8
  1319 | D:1      | Reached XP level 3. HP: 19/22 MP: 2/10
  2447 | D:3      | Reached XP level 4. HP: 28/28 MP: 6/12
  3463 | D:4      | Slain by an iguana

Action                   |  1- 3 |  4- 6 || total
-------------------------+-------+-------++-------
Melee: Unarmed           |    11 |       ||    11
       Long sword        |       |     2 ||     2
 Cast: Magic Dart        |   103 |    48 ||   151
  Use: Potion            |     4 |       ||     4
